 Dungeon Crawl Stone Soup version 0.23.2-1-ga50397a (webtiles) character file.

Game seed: 2555821872266007482

70 xveg the Vandal (level 4, 0/29 HPs)
             Began as a Halfling Hunter on May 15, 2019.
             Slain by a hobgoblin (5 damage)
             ... led by Robin
             ... on level 2 of the Dungeon.
             The game lasted 00:01:23 (931 turns).

xveg the Vandal (Halfling Hunter)                    Turns: 931, Time: 00:01:24

Health: 0/29       AC:  3    Str: 14    XL:     4   Next: 45%
Magic:  4/4        EV: 15    Int:  9    God:
Gold:   75         SH:  0    Dex: 14    Spells: 3/3 levels left

rFire    . . .     SeeInvis .   i - +2 short sword (vamp)
rCold    . . .     Gourm    .   (shield restricted)
rNeg     . . .     Faith    .   c - +0 leather armour
rPois    .         Spirit   .   (no helmet)
rElec    .         Reflect  .   (no cloak)
rCorr    .         Harm     .   (no gloves)
MR       .....                  (no boots)
Stlth    ++........             (no amulet)
HPRegen  0.09/turn              (no ring)
MPRegen  0.09/turn              (no ring)

@: no status effects
A: small, mutation resistance 1
a: no special abilities


You were on level 2 of the Dungeon.
You were not hungry.

You visited 1 branch of the dungeon, and saw 2 of its levels.

You collected 75 gold pieces.

Inventory:

Hand Weapons
 a - a +1 hunting sling
 b - a +0 short sword
 i - a +2 vampiric short sword (weapon)
Missiles
 d - 18 sling bullets
 h - 43 stones (quivered)
Armour
 c - a +0 leather armour (worn)
Scrolls
 e - 2 scrolls of identify
 f - a scroll of teleportation
Potions
 g - a potion of curing {unknown}
 k - a potion of resistance {unknown}
Comestibles
 j - a ration
 l - 3 chunks of flesh


   Skills:
 + Level 2.1 Fighting
 + Level 1.1 Short Blades
 + Level 7.0 Slings
 + Level 1.0 Armour
 + Level 2.7 Dodging
 + Level 1.3 Stealth


You had 3 spell levels left.
You didn't know any spells.
Your spell library was empty.

Dungeon Overview and Level Annotations

Branches:
Dungeon (2/15)

Altars:

Annotations:
D:2 Robin, Terence


Innate Abilities, Weirdness & Mutations

You are small and have problems with some larger weapons.
You are somewhat resistant to further mutation.


Message History

The goblin hits you but does no damage.
You hit the hobgoblin but do no damage. The hobgoblin closely misses you.
The goblin misses you.
You hit the hobgoblin but do no damage. The hobgoblin barely misses you.
The goblin closely misses you.
Terence the Incautious comes into view.
He is wielding a +0 short sword.
Terence shouts!
You hit the hobgoblin.
You feel better.
The hobgoblin is lightly wounded.
The hobgoblin hits you but does no damage.
The goblin hits you but does no damage.
A goblin comes into view.
As you read the scroll labeled EGUXKY EROSET, it crumbles to dust.
It is a scroll of identify.
f - a scroll of teleportation The hobgoblin hits you.
* * * LOW HITPOINT WARNING * * *
The goblin completely misses you.
You barely miss the goblin. The hobgoblin hits you.
You die...

#.#.......###.#
#.#.......# #.#
#.#.......# #.#
#.#...##.## #.#
#.#.#.##.####.#
#.#.#.##.......
#.#.#รท#######.#
#######.#.#.# #.#
#@gg@g.>..#.# #.#
#.#####.###.#######.#
#. #.#............ #.
#.##.########.. #g
#.##> .... #g #.###
##... #. #.# #... #.
#.# #... #...


You could see Terence, Robin, a hobgoblin and a goblin.

Vanquished Creatures
  2 adders (D:2)
  An ooze (D:1)
  3 dart slugs (D:1)
  2 leopard geckos
  A ball python (D:1)
  9 bats (D:1)
  5 giant cockroaches (D:1)
  7 goblins
  2 hobgoblins (D:1)
  2 kobolds (D:1)
  A quokka (D:2)
  A frilled lizard (D:1)
  4 rats (D:1)
40 creatures vanquished.

Notes
Turn   | Place    | Note
-------+----------+-------------------------------------------
     0 | D:1      | xveg the Halfling Hunter began the quest for the Orb.
     0 | D:1      | Reached XP level 1. HP: 14/14 MP: 1/1
    15 | D:1      | Reached skill level 6 in Slings
   134 | D:1      | Reached XP level 2. HP: 19/19 MP: 2/2
   221 | D:1      | Reached XP level 3. HP: 24/24 MP: 3/3
   649 | D:1      | Reached skill level 7 in Slings
   852 | D:2      | Reached XP level 4. HP: 24/29 MP: 4/4
   859 | D:2      | Reached skill level 1 in Short Blades
   913 | D:2      | Noticed Robin
   923 | D:2      | Reached skill level 1 in Armour
   928 | D:2      | Noticed Terence
   931 | D:2      | Slain by a hobgoblin

Skill      XL: |  1  2  3  4 |
---------------+-------------+-----
Slings         | 6 7 |  7.0
Fighting       | 2 |  2.1
Short Blades   | 1 |  1.1
Armour         | 1 |  1.0
Dodging        | |  2.7
Stealth        | |  1.3

Action                   |  1- 3 |  4- 6 || total
-------------------------+-------+-------++-------
Melee: Short sword       |    68 |    23 ||    91
 Fire: Hunting sling     |    32 |       ||    32
  Use: Scroll            |       |     1 ||     1
 Stab: Sleeping          |     1 |       ||     1
  Eat: Ration            |     1 |       ||     1
       Chunk             |       |     1 ||     1
Armor: Leather armour    |    24 |     7 ||    31
Dodge: Dodged            |    61 |    20 ||    81
